[Event "Late-Titled-Tuesday-Blitz-July-09-2024"]
[Site "Chess.com"]
[Date "2024.07.09"]
[Round "5"]
[White "luggevoila"]
[Black "Gzucaritas"]
[Result "1-0"]
[WhiteElo "2344"]
[BlackElo "2063"]
[TimeControl "180+1"]
[EndTime "14:54:29 PDT"]
[Termination "luggevoila won on time"]

1. e4 e6 2. d4 d5 3. Nc3 Bb4 4. e5 c5 5. a3 Bxc3+ 6. bxc3 Qa5 7. Bd2 Qa4 8. Nf3 Nc6 9. Rb1 a6 10. Qc1 cxd4 11. cxd4 Nxd4 12. Bd3 Nxf3+ 13. gxf3 Qd4 14. f4 Ne7 15. Rb4 Qc5 16. Be3 Qc3+ 17. Bd2 Qc7 18. Rg1 g6 19. h4 h5 20. Rb3 Nc6 21. Be3 d4 22. Bd2 Bd7 23. Qb1 Rb8 24. Be4 O-O 25. Qd1 b5 26. Qxh5 Ne7 27. Qg5 Nf5 28. h5 Qd8 29.
Qg4 Nh6 30. Qg2 1-0

[Event "Late-Titled-Tuesday-Blitz-July-09-2024"]
[Site "Chess.com"]
[Date "2024.07.09"]
[Round "5"]
[White "Robert_Oros"]
[Black "Ninocanina"]
[Result "1-0"]
[WhiteElo "2318"]
[BlackElo "1954"]
[TimeControl "180+1"]
[EndTime "14:54:29 PDT"]
[Termination "Robert_Oros won by resignation"]

1. d4 d5 2. c4 e6 3. Nc3 Nf6 4.
cxd5 exd5 5. Bg5 Be7 6. e3 O-O 7. Qc2 c6 8. Bd3 h6 9. Bh4 Re8 10. Nge2 Ne4 11. Bxe7 Qxe7 12. Bxe4 dxe4 13. Ng3 f5 14.
O-O Kh8 15. f3 c5 16. fxe4 cxd4 17. Nd5 Qd8 18. Nc7 d3 19. Qc3 Re7 20. Nxa8 fxe4 21.
Nf5 Bxf5 22. Rxf5 Nc6 23. Raf1 Re8 24. Rf7 Rg8 25. Nc7 d2 26. Rd1 Ne5 27. Qxe5 Qd3 28. Qc3 Qe2 29. Qxd2 Qh5 30. Rdf1 Qe5 31. Qd4 Qg5 32.
Ne6 Qg6 33. Nxg7 Rxg7 34. Rxg7 1-0

[Event "Late-Titled-Tuesday-Blitz-July-09-2024"]
[Site "Chess.com"]
[Date "2024.07.09"]
[Round "5"]
[White "sari07"]
[Black "Ganziitoo"]
[Result "0-1"]
[WhiteElo "2380"]
[BlackElo "2336"]
[TimeControl "180+1"]
[EndTime "14:54:30 PDT"]
[Termination "Ganziitoo won on time"]

1. d4 d5 2. Nf3 Nf6 3. e3 c5 4. c3 cxd4 5. exd4 Nc6 6. Ne5 e6 7.
Bb5 Bd7 8. Nxd7 Nxd7 9. O-O Bd6 10. f4 O-O 11. Bd3 f5 12. Nd2 Nf6 13. Nf3 Ne4 14.
Bxe4 fxe4 15. Ne5 Bxe5 16. fxe5 Qh4 17. g3 Rxf1+ 18. Qxf1 Qh5 19. Bd2 Rf8 20. Qg2 Qf3 21.
Qxf3 Rxf3 22. Re1 Na5 23. b3 Nc6 24. Re3 Rf7 25. Kg2 Kf8 26. Bc1 Ke7 27. Bb2 Kd7 28. c4 Ne7 29. cxd5 exd5 30. Rc3 Nc6 31. Rc5 Ke6 32.
a3 Rf3 33. b4 Rd3 34. b5 Nxd4 35. Bxd4 Rxd4 36. Rc7 Rd2+ 37. Kf1 e3 38. Rxg7 d4 39. Rxb7 d3 40. Rxa7 Rd1+ 41. Kg2 e2 0-1

[Event "Late-Titled-Tuesday-Blitz-July-09-2024"]
[Site "Chess.com"]
[Date "2024.07.09"]
[Round "5"]
[White "KorolDimitriy75"]
[Black "HATilay"]
[Result "0-1"]
[WhiteElo "2402"]
[BlackElo "2573"]
[TimeControl "180+1"]
[EndTime "14:54:32 PDT"]
[Termination "HATilay won on time"]

1. d4 Nf6 2. c4 e6 3. Nc3 Bb4 4. Qc2 O-O 5. e4 d5 6. cxd5 exd5 7. e5 Ne4 8. Bd3 c5 9. Ne2 Nc6 10. O-O Bxc3 11. bxc3 f5 12. f3 Ng5 13. Ba3 c4 14.
Bxc4 dxc4 15. Bxf8 Kxf8 16. Rad1 Ne7 17. Qa4 Be6 18.
Nf4 Bd5 19. Qb4 Ke8 20. Qd6 Nf7 21. Qb4 Ng5 22. Rfe1 Qd7 23. Qd6 Ne6 24. Nxd5 Nxd5 25. f4 Qxd6 26. exd6 Kd7 27. Re5 Ndxf4 28. Rxf5 Rf8 29.
Rxf8 Nxf8 30. Rd2 Kxd6 31. g3 Nd5 32. Rc2 Ne6 33. Kf2 Ng5 34. h4 Ne4+ 35. Kf3 Nexc3 36. Rb2 b5 37. a3 a5 38. g4 b4 39. axb4 axb4 40. g5 b3 41. Kg4 g6 42. Rf2 Nd1 43.
Rf8 b2 44. Rb8 c3 45. h5 c2 46. hxg6 hxg6 47. Rd8+ Kc6 48. Rd6+ Kxd6 0-1

[Event "Late-Titled-Tuesday-Blitz-July-09-2024"]
[Site "Chess.com"]
[Date "2024.07.09"]
[Round "5"]
[White "Andrei_Skvortsov"]
[Black "TokChess"]
[Result "0-1"]
[WhiteElo "2782"]
[BlackElo "2591"]
[TimeControl "180+1"]
[EndTime "14:54:34 PDT"]
[Termination "TokChess won by resignation"]

1. e4 c5 2. d4 cxd4 3. Qxd4 Nc6 4. Qd3 d6 5. Nc3 g6 6. Nf3 Bg7 7. Be2 Bg4 8. O-O Nf6 9. Nd5 O-O 10. c3 Bxf3 11. Qxf3 Nxd5 12. exd5 Ne5 13. Qe4 Rb8 14. Be3 a6 15. a4 Qc7 16. a5 Rfe8 17. Ba7 Ra8 18.
Bb6 Qc8 19. Ra4 e6 20. Rd1 exd5 21. Qxd5 Nd7 22. Be3 Bf8 23. Rf4 Ne5 24. Rb4 Nc6 25.
Rh4 Re5 26. Qf3 Rxa5 27. Rxh7 Kxh7 28. Qxf7+ Bg7 29. Rxd6 Qf5 30. Qxb7 Ra1+ 31. Bd1 Rd8 32. Rxd8 Nxd8 33. Qe7 Nf7 34. h4 Rxd1+ 35. Kh2 Qe5+ 36. Qxe5 Bxe5+ 37. g3 Rb1 38. b4 Rb3 39. c4 Rxb4 40. c5 Rc4 41. Kg2 a5 42. f4 Bf6 43. g4 Bxh4 44. Kf3 Be1 45. Ke2 Bb4 46. Kd3 Rc3+ 47. Ke4 Rxe3+ 48. Kxe3 Bxc5+ 49. Kd3 Bd6 50. f5 g5 0-1

[Event "Late-Titled-Tuesday-Blitz-July-09-2024"]
[Site "Chess.com"]
[Date "2024.07.09"]
[Round "5"]
[White "le-castor-faineant"]
[Black "falzehope0"]
[Result "0-1"]
[WhiteElo "2343"]
[BlackElo "2467"]
[TimeControl "180+1"]
[EndTime "14:54:34 PDT"]
[Termination "falzehope0 won by resignation"]

1. e4 d5 2. exd5 Nf6 3. d4 Qxd5 4. Nc3 Qd6 5. Nf3 a6 6. a4 Bg4 7. Be2 Nc6 8. Be3 e6 9. h3 Bh5 10. O-O Be7 11. Qd2 Rd8 12. Rfd1 O-O 13. Bf4 Qd7 14. Ne5 Qe8 15. Nxc6 Qxc6 16. Bxh5 Nxh5 17. Be5 f6 18. Bh2 g5 19. Qe2 Ng7 20. Ne4 Rd7 21. c3 f5 22. Nd2 f4 23. Nf3 Bf6 24. h4 h6 25.
hxg5 hxg5 26. g3 g4 27. Ne5 Bxe5 28. dxe5 f3 29. Qe3 Rfd8 30. Rxd7 Qxd7 31. Re1 Qxa4 32. b4 Rd1 33. Kf1 Qb5+ 34. Kg1 Qd3 35. Qxd3 Rxd3 36.
Kf1 Rxc3 37. Re4 Rc1+ 38. Re1 Rxe1+ 39. Kxe1 Nf5 0-1

[Event "Late-Titled-Tuesday-Blitz-July-09-2024"]
[Site "Chess.com"]
[Date "2024.07.09"]
[Round "5"]
[White "Mikhail_Golubev"]
[Black "RodriQA"]
[Result "0-1"]
[WhiteElo "2620"]
[BlackElo "2454"]
[TimeControl "180+1"]
[EndTime "14:54:36 PDT"]
[Termination "RodriQA won by resignation"]

1. e4 c6 2. d4 d5 3. exd5 cxd5 4. Bd3 Nc6 5. c3 Nf6 6. Bf4 a6 7. Nd2 Bg4 8. Qb3 Na5 9. Qc2 Rc8 10. Ngf3 Bxf3 11.
Nxf3 e6 12. O-O Bd6 13. Ne5 Nc6 14. Qe2 Bxe5 15. dxe5 Nd7 16. Rad1 Qb6 17. Rfe1 Nc5 18. Bb1 Ne7 19. c4 dxc4 20. Qxc4 Nd5 21. Bc1 O-O 22. Qh4 g6 23. Bh6 Rfe8 24. h3 Qb4 25. g4 Na4 26.
Bg5 Nxb2 27. Bf6 Nxd1 28. Rxd1 Nxf6 29. exf6 Red8 30. Rf1 Qf4 31. f3 Rd2 32. Qxh7+ Kxh7 0-1

[Event "Late-Titled-Tuesday-Blitz-July-09-2024"]
[Site "Chess.com"]
[Date "2024.07.09"]
[Round "5"]
[White "Martins-BR"]
[Black "pooh2012"]
[Result "0-1"]
[WhiteElo "2417"]
[BlackElo "2640"]
[TimeControl "180+1"]
[EndTime "14:54:37 PDT"]
[Termination "pooh2012 won on time"]

1. e4 e6 2. d4 a6 3. Nc3 d5 4. e5 c5 5. f4 Nc6 6. Nf3 Nh6 7. Ne2 Nf5 8. c3 cxd4 9. Nexd4 Ncxd4 10. Nxd4 Qh4+ 11. Ke2 Ng3+ 12. hxg3 Qxh1 13. Kf2 Bd7 14. Be3 h5 15. Qb3 Rb8 16. Nf3 h4 17. gxh4 Rxh4 18.
Ba7 Rc8 19. Qxb7 Rxf4 20. Qxc8+ Bxc8 21. Bb5+ axb5 22. Rxh1 Ra4 23. Bd4 Kd7 24. a3 Ra8 25. Rh8 Bb7 26. Ke2 Be7 27. Rh7 Rg8 28. g4 Bc6 29. g5 Ke8 30. Be3 g6 0-1

[Event "Late-Titled-Tuesday-Blitz-July-09-2024"]
[Site "Chess.com"]
[Date "2024.07.09"]
[Round "5"]
[White "WPWPWP-2015"]
[Black "Sacbutt"]
[Result "1-0"]
[WhiteElo "2519"]
[BlackElo "2325"]
[TimeControl "180+1"]
[EndTime "14:54:37 PDT"]
[Termination "WPWPWP-2015 won by checkmate"]

1. e4 e5 2. Nf3 Nc6 3. Bb5 a6 4. Bxc6 dxc6 5. h3 Bd6 6. O-O Nf6 7. d3 h6 8. Nbd2 O-O 9. Nc4 Qe7 10. b3 b5 11. Ne3 Rd8 12. Bb2 g6 13. a4 Bb7 14.
g3 c5 15. axb5 axb5 16. Rxa8 Rxa8 17. Qd2 Ra2 18. Rb1 Nd7 19. Ng4 Kh7 20. Qxh6+ Kg8 21.
Ng5 Nf8 22. f4 Rxb2 23. Rxb2 exf4 24. e5 Bxe5 25. Ra2 Bd4+ 26. Kf1 Bc3 27. Ne4 Bxe4 28. dxe4 Qxe4 29. Qxf4 Qh1+ 30. Kf2 Qxh3 31. Nh6+ Kg7 32. Qxf7+ Kxh6 33. Qxf8+ Kg5 34. Qf4+ Kh5 35. Qf3+ Kh6 36.
Qe3+ Kh7 37. Qxc3 Qh2+ 38. Kf1 Qh1+ 39. Kf2 Qh2+ 40. Kf3 Qh1+ 41. Ke3 Qg1+ 42. Kf4 Qc1+ 43. Qe3 Qf1+ 44. Qf3 Qc1+ 45. Kg4 Qg1 46. Qf7+ Kh6 47. Qf4+ Kh7 48. Qxc7+ Kh6 49. Qf4+ Kh7 50. Ra7+ Kg8 51.
Qb8# 1-0

[Event "Late-Titled-Tuesday-Blitz-July-09-2024"]
[Site "Chess.com"]
[Date "2024.07.09"]
[Round "5"]
[White "mortngabriel"]
[Black "Vaporwaffle94"]
[Result "1-0"]
[WhiteElo "2463"]
[BlackElo "2277"]
[TimeControl "180+1"]
[EndTime "14:54:38 PDT"]
[Termination "mortngabriel won by resignation"]

1. e4 e6 2. d4 d5 3. Nc3 dxe4 4.
Nxe4 Bd7 5. Nf3 Bc6 6. Bd3 Nd7 7. O-O Ngf6 8. Ng3 Bd6 9. Re1 O-O 10. Ne5 Bxe5 11. dxe5 Nd5 12. Qh5 g6 13. Qh6 f5 14.
a3 Qe7 15. Bg5 Qg7 16. Qh4 h5 17. Qd4 N7b6 18. c4 Ne7 19. b4 Rad8 20. Qc3 Na4 21.
Qc2 Nb2 22. Bf1 f4 23. Ne4 Na4 24. Nf6+ Kh8 25. b5 Nb6 26. bxc6 Nxc6 27. Rad1 Rd4 28. Rxd4 Nxd4 29. Qe4 Nf5 30. c5 Nc8 31. Qxb7 Nce7 32. Qxc7 Rf7 33. c6 Nd5 34. Qd8+ Rf8 35. Nxd5 Rxd8 36.
Bxd8 Qf7 37. c7 Qd7 38. Ba6 Qxd5 39. Bf6+ Kh7 40. c8=Q g5 41. Qh8+ Kg6 42. Qg8+ Kh6 43. Qxg5+ Kh7 44. Qxh5+ Kg8 45. Qh8+ Kf7 46. Qh7+ Ke8 47.
Rc1 1-0

[Event "Late-Titled-Tuesday-Blitz-July-09-2024"]
[Site "Chess.com"]
[Date "2024.07.09"]
[Round "5"]
[White "GiorgianBarbosa"]
[Black "schachlana"]
[Result "0-1"]
[WhiteElo "2504"]
[BlackElo "2367"]
[TimeControl "180+1"]
[EndTime "14:54:40 PDT"]
[Termination "schachlana won by checkmate"]

1. d4 Nf6 2. c4 g6 3. Nc3 Bg7 4.
e4 d6 5. Nf3 O-O 6. Be2 c5 7.
d5 e6 8. O-O Re8 9. h3 exd5 10.
exd5 Bf5 11. Bf4 Ne4 12. Nxe4 Bxe4 13. Qd2 Na6 14. Rfe1 Nc7 15. Bg5 Qd7 16. Nh2 b5 17.
Ng4 Qf5 18. Nh6+ Bxh6 19. Bxh6 bxc4 20. Bxc4 Qf6 21. Re3 Qh4 22. Rg3 Bxg2 23. Rg4 Qxh3 24. Rxg2 Re4 25. Rg3 Qh5 26. Bf1 Rh4 27. Bg2 Qxh6 28.
Qa5 Ne8 29. Re1 Nf6 30. Qc7 Ng4 31. Rf3 Rh1+ 32. Bxh1 Qh2+ 33. Kf1 Qxh1+ 34. Ke2 Re8+ 35. Kd3 Qxf3+ 36. Kd2 Qxf2+ 37. Kd3 Qxe1 38. Qxd6 Qe2+ 39. Kc3 Re3# 0-1

[Event "Late-Titled-Tuesday-Blitz-July-09-2024"]
[Site "Chess.com"]
[Date "2024.07.09"]
[Round "5"]
[White "schondeln"]
[Black "UB_TheQueen"]
[Result "0-1"]
[WhiteElo "2342"]
[BlackElo "2101"]
[TimeControl "180+1"]
[EndTime "14:54:41 PDT"]
[Termination "UB_TheQueen won on time"]

1. e4 c5 2. Nf3 d6 3. Bc4 Nf6 4. d3 g6 5. O-O Bg7 6. c3 O-O 7. Bb3 Nc6 8. h3 b5 9. Re1 a5 10. Bc2 b4 11. d4 Bb7 12. d5 Nb8 13. Ba4 Nbd7 14. Bxd7 Nxd7 15. Qe2 Qb6 16. Bg5 Rfe8 17. a3 h6 18. Be3 Qc7 19. axb4 axb4 20. Rxa8 Rxa8 21.
cxb4 cxb4 22. Qd2 Qa5 23. Bxh6 Nc5 24. Bxg7 Kxg7 25. Qd4+ f6 26. Nbd2 Ba6 27. e5 dxe5 28. Nxe5 fxe5 29. Qxe5+ Kg8 30. Qxe7 Bd3 31. d6 Qd8 32.
Qe5 Nb7 33. Qd5+ Kh8 34. d7 Qc7 35. Re3 Bf5 36. Qd4+ Kg8 37. Qd5+ Kg7 38. Re7+ Kf6 39. Rf7+ Kg5 40. h4+ Kh6 0-1

[Event "Late-Titled-Tuesday-Blitz-July-09-2024"]
[Site "Chess.com"]
[Date "2024.07.09"]
[Round "5"]
[White "Millerkallpa"]
[Black "Schattman"]
[Result "1-0"]
[WhiteElo "2269"]
[BlackElo "2480"]
[TimeControl "180+1"]
[EndTime "14:54:42 PDT"]
[Termination "Millerkallpa won on time"]

1. e4 c5 2. Nf3 e6 3. d4 cxd4 4. Nxd4 Nf6 5. e5 Qa5+ 6. Nc3 Qxe5+ 7. Be2 a6 8. O-O Qc7 9. Re1 Be7 10. Bf3 d5 11. Qe2 Nc6 12. Be3 O-O 13. Rad1 h6 14. Nb3 b6 15. Na4 Nd7 16. g3 Bb7 17. Bf4 e5 18.
Bxd5 exf4 19. Bxc6 Bxc6 20. Qxe7 Bxa4 21. Nd4 Rfe8 22.
Qxe8+ Rxe8 23. Rxe8+ Kh7 24. Re7 Qd6 25. Rxf7 Qe5 26.
b3 fxg3 27. hxg3 Qe8 28. Rf5 g6 29. Rd5 Nf6 30. Rd6 Qe7 31. Rxb6 Be8 32. Re6 Qf7 33. Rde1 Kg8 34. Rxa6 Bd7 35. Rd6 Kf8 36. Ne6+ Bxe6 37. Rdxe6 Ng4 38. R6e2 h5 39. Kg2 h4 40. f3 Nf6 41. gxh4 Nh5 42. Re4 Nf4+ 43. Kf2 Nh5 44. a4 Qa7+ 45. Kg2 Qc5 46. Re8+ Kf7 47. R8e7+ Kf6 48.
R1e6+ Kf5 49. Re5+ Qxe5 50. Rxe5+ Kxe5 51. a5 Nf4+ 52.
Kg3 Nd5 53. Kg4 Kf6 54. c4 Nc7 55. b4 Na6 56. b5 Nc5 57. a6 1-0

[Event "Late-Titled-Tuesday-Blitz-July-09-2024"]
[Site "Chess.com"]
[Date "2024.07.09"]
[Round "5"]
[White "ArturoCaceres"]
[Black "lluiss"]
[Result "1-0"]
[WhiteElo "2399"]
[BlackElo "2206"]
[TimeControl "180+1"]
[EndTime "14:54:42 PDT"]
[Termination "ArturoCaceres won on time"]

1. f4 c5 2. Nf3 d6 3. e3 Nf6 4. b3 g6 5. Bb2 Bg7 6. c4 O-O 7.
Qc2 Nc6 8. a3 Bf5 9. d3 e5 10.
e4 Bg4 11. fxe5 dxe5 12. Nbd2 Nd4 13. Nxd4 cxd4 14. h3 Bd7 15. Be2 Ne8 16. O-O f5 17.
c5 Bc6 18. b4 fxe4 19. Nxe4 Bxe4 20. dxe4 Nc7 21. Bc4+ Kh8 22. Qd3 Qe7 23. Rae1 Rxf1+ 24. Rxf1 Rf8 25. Bc1 Ne6 26. Rxf8+ Bxf8 27. Qg3 Bg7 28.
Qg4 Nf4 29. g3 Nh5 30. Bg5 Qf8 31. Kg2 Bf6 32. Bd2 Bg7 33. Qe6 1-0

[Event "Late-Titled-Tuesday-Blitz-July-09-2024"]
[Site "Chess.com"]
[Date "2024.07.09"]
[Round "5"]
[White "baki83"]
[Black "Keaton87"]
[Result "1-0"]
[WhiteElo "2830"]
[BlackElo "2649"]
[TimeControl "180+1"]
[EndTime "14:54:43 PDT"]
[Termination "baki83 won by resignation"]

1. e4 c5 2. Nf3 d6 3. Bb5+ Bd7 4. c4 Nf6 5. Nc3 g6 6. O-O Bg7 7. d4 cxd4 8. Nxd4 O-O 9. Bxd7 Qxd7 10. f3 Nc6 11.
Be3 Rac8 12. b3 Rfd8 13. Rc1 e6 14. Qd2 d5 15. exd5 exd5 16. c5 b6 17. cxb6 axb6 18. Rfd1 Ne7 19. Na4 Qb7 20. Qb4 Rxc1 21. Rxc1 Nc8 22.
Qb5 Re8 23. Bf2 Nd7 24. h3 Na7 25. Qd3 Rc8 26. Rxc8+ Qxc8 27. Nc3 Nc5 28. Qd2 Qd7 29. Nde2 Bxc3 30. Nxc3 d4 31. Qxd4 Qxd4 32. Bxd4 Nd7 33. Nd5 Nc8 34. a4 f5 35. Nf6+ Nxf6 36. Bxf6 Kf7 37.
Bd4 Ke6 38. Kf2 Kd5 39. Ke3 Kc6 40. Kf4 b5 41. axb5+ Kxb5 42. Kg5 Nd6 43. Kh6 Kb4 44. Kxh7 g5 45. Bf6 Kxb3 46. Bxg5 Kc4 47. Bf4 1-0

[Event "Late-Titled-Tuesday-Blitz-July-09-2024"]
[Site "Chess.com"]
[Date "2024.07.09"]
[Round "5"]
[White "th3d4rkness"]
[Black "Nf3c5"]
[Result "0-1"]
[WhiteElo "2253"]
[BlackElo "2640"]
[TimeControl "180+1"]
[EndTime "14:54:48 PDT"]
[Termination "Nf3c5 won on time"]

1. e4 c5 2. Nc3 Nc6 3. Bb5 Nd4 4. Bc4 e6 5. Nf3 a6 6. Nxd4 cxd4 7. Ne2 b5 8. Bd3 Bc5 9. a4 b4 10. b3 Nf6 11. O-O Bb7 12. Ng3 h5 13. e5 Ng4 14.
Ne4 Bxe4 15. Bxe4 Qh4 16. h3 Nxf2 17. Rxf2 Qxe4 18. d3 Qxe5 19. Bf4 Qd5 20. Qe2 Rc8 21. Raf1 Be7 22. Be5 f6 23. Bh2 h4 24. Qg4 g5 25. Qe2 d6 26. Kh1 e5 27. Qg4 Kd8 28. Qf5 Rf8 29. a5 Qxa5 30. Qe6 Qc7 31. Ra1 a5 32.
Qd5 Qc5 33. Qe6 Rc6 34. Raf1 d5 35. Qf5 Kc7 36. Qh7 Kb6 37. Bxe5 fxe5 38. Rxf8 Bxf8 39. Qg8 Bd6 40. Qa8 Bc7 0-1

[Event "Late-Titled-Tuesday-Blitz-July-09-2024"]
[Site "Chess.com"]
[Date "2024.07.09"]
[Round "5"]
[White "Boundless_Strike"]
[Black "GlavkonVVS"]
[Result "1-0"]
[WhiteElo "2800"]
[BlackElo "2577"]
[TimeControl "180+1"]
[EndTime "14:54:50 PDT"]
[Termination "Boundless_Strike won on time"]

1. d4 Nf6 2. Nc3 d5 3. e4 dxe4 4. f3 exf3 5. Nxf3 Bg4 6. h3 Bh5 7. g4 Bg6 8. Ne5 e6 9. Bg2 c6 10. h4 Bb4 11. O-O Bxc2 12. Qd2 Be4 13. Bxe4 Nxe4 14.
Qf4 Nf6 15. g5 Rg8 16. gxf6 gxf6+ 17. Kh1 Bxc3 18. bxc3 Qd5+ 19. Rf3 f5 20. c4 Qa5 21. Bd2 Qd8 22. Rg1 Rxg1+ 23. Kxg1 Nd7 24. Rg3 Nf6 25. Nf3 Ng4 26. Ne5 Nf6 27. Nf3 Qb6 28. Qe5 Ng4 29.
Qh8+ Ke7 30. Qxa8 Qb1+ 31. Be1 Qxa2 32. Qxb7+ Kf6 33. Qxc6 1-0

[Event "Late-Titled-Tuesday-Blitz-July-09-2024"]
[Site "Chess.com"]
[Date "2024.07.09"]
[Round "5"]
[White "Teyarty"]
[Black "Marks1420"]
[Result "0-1"]
[WhiteElo "2296"]
[BlackElo "2535"]
[TimeControl "180+1"]
[EndTime "14:54:51 PDT"]
[Termination "Marks1420 won by resignation"]

1. e4 c5 2. Nc3 d6 3. g3 g6 4. Bg2 Bg7 5. Nge2 Nc6 6. d3 Nf6 7. h3 O-O 8. Be3 Rb8 9. a4 a6 10. Qd2 b5 11. axb5 axb5 12. O-O b4 13. Nd1 Nd7 14.
Bh6 Bxh6 15. Qxh6 Nd4 16. Qd2 e5 17. Ne3 Bb7 18. Nc4 Nb6 19. b3 Nxc4 20. dxc4 Ra8 21. Nxd4 exd4 22. Qf4 Qe7 23. Rfe1 Qe5 24. Qd2 Ra3 25.
Rad1 Ra2 26. f4 Qe7 27. e5 Bxg2 28. Qxg2 Rd8 29. Qe4 dxe5 30. fxe5 Qe6 31. Kg2 Re8 32. Qd3 Qf5 33. Qxf5 gxf5 34. Rd2 f6 35. e6 Kf8 36. Kf3 Ke7 37. Kf4 Rg8 38. Rg1 Kxe6 39. Re1+ Kf7 40.
Rg1 Re8 41. Kxf5 Re5+ 42. Kf4 Ke6 43. g4 Re3 44. Rg3 Re1 45. Rf3 Raa1 46. g5 f5 47. Rg2 Re4+ 48. Kg3 Ke5 49. Rgf2 f4+ 50. Kg4 Rg1+ 51.
Kh5 Kf5 52. h4 Rh1 53. Rg2 Re3 54. Rff2 Reh3 55. Rg4 f3 56. g6 hxg6+ 57. Kh6 Rxh4+ 58. Rxh4 Rxh4+ 59. Kg7 Rf4 60. Kf7 g5 61. Ke7 g4 0-1

[Event "Late-Titled-Tuesday-Blitz-July-09-2024"]
[Site "Chess.com"]
[Date "2024.07.09"]
[Round "5"]
[White "Bob_2004"]
[Black "cthulhuuu"]
[Result "0-1"]
[WhiteElo "2675"]
[BlackElo "2472"]
[TimeControl "180+1"]
[EndTime "14:54:52 PDT"]
[Termination "cthulhuuu won by resignation"]

1. e4 d6 2. d4 Nf6 3. Nc3 c6 4. Nf3 Bg4 5. Be2 e6 6. O-O d5 7. e5 Nfd7 8. h3 Bh5 9. Bg5 Be7 10. Bxe7 Qxe7 11. a3 O-O 12. b4 a5 13. b5 c5 14. a4 Bxf3 15. Bxf3 cxd4 16. Qxd4 Qc5 17. Qxc5 Nxc5 18. Nb1 Nbd7 19. Re1 Nb6 20. Nd2 Rac8 21. Nb3 Nxb3 22. cxb3 Rc3 23. Re3 Rfc8 24. Rae1 Nd7 25. Rxc3 Rxc3 26. Bd1 Rc1 27. Kf1 Nxe5 28. Rxe5 Rxd1+ 29. Ke2 Rd4 30. f3 Rb4 31. Re3 d4 32. Rd3 e5 33.
Kd2 f5 34. Kc2 Kf7 35. Rd1 Ke6 36. Re1 Kd5 37. Rf1 d3+ 38. Kxd3 Rxb3+ 39. Kc2 Rb4 40. Rd1+ Rd4 41. Re1 Rxa4 42. Kc3 Rd4 43. b6 a4 44. Rb1 Rc4+ 45. Kd3 a3 46. Rb5+ Rc5 47. Rb4 Ra5 48.
Rb1 a2 49. Ra1 e4+ 50. fxe4+ fxe4+ 51. Ke3 Ra3+ 0-1

[Event "Late-Titled-Tuesday-Blitz-July-09-2024"]
[Site "Chess.com"]
[Date "2024.07.09"]
[Round "5"]
[White "1g60-1"]
[Black "LidongW"]
[Result "1-0"]
[WhiteElo "2463"]
[BlackElo "2284"]
[TimeControl "180+1"]
[EndTime "14:54:52 PDT"]
[Termination "1g60-1 won by checkmate"]

1. e4 e6 2. d4 d5 3. Nd2 Nf6 4. e5 Nfd7 5. Bd3 c5 6. c3 Nc6 7.
Ne2 cxd4 8. cxd4 f6 9. exf6 Nxf6 10. Nf3 Bd6 11. O-O O-O 12. h3 Ne4 13. Nc3 Nxc3 14.
bxc3 Bd7 15. Qc2 h6 16. Qe2 Qf6 17. Rb1 b6 18. Be3 e5 19. dxe5 Nxe5 20. Nxe5 Qxe5 21.
f4 Qxc3 22. Rbc1 Qf6 23. Rf3 Rac8 24. Rcf1 Bf5 25. Ba6 Rc2 26. Qd1 Be4 27. Rg3 Qh4 28.
Rg4 Qf6 29. Bd3 Rc3 30. Bxe4 dxe4 31. Qd5+ Kh8 32. Bd4 Qxd4+ 33. Qxd4 Bc5 34. Qxc5 Rxc5 35. Re1 Re8 36. Re2 b5 37. Kf2 a5 38. Rg6 Rc3 39. Rb6 b4 40. Ra6 Ra3 41. g4 Kg8 42. h4 Kf7 43. g5 Rf3+ 44. Kg2 Rxf4 45. Rc2 Rxh4 46.
Rc7+ Re7 47. g6+ Kf8 48. Ra8+ Re8 49. Rf7+ Kg8 50. Rxe8# 1-0

[Event "Late-Titled-Tuesday-Blitz-July-09-2024"]
[Site "Chess.com"]
[Date "2024.07.09"]
[Round "5"]
[White "Oleksandr_Bortnyk"]
[Black "MetiForce"]
[Result "0-1"]
[WhiteElo "3048"]
[BlackElo "2910"]
[TimeControl "180+1"]
[EndTime "14:54:53 PDT"]
[Termination "MetiForce won by resignation"]

1. d4 Nf6 2. Nc3 d5 3. Bf4 a6 4. e3 e6 5. a3 c5 6. Nf3 Nc6 7. dxc5 Bxc5 8. Bd3 Qe7 9. e4 d4 10. Ne2 e5 11. Bd2 O-O 12. O-O Ne8 13. Ng3 Nd6 14. h3 f6 15. Nh4 Be6 16. b3 Qd7 17.
Kh2 Rae8 18. Qh5 g6 19. Qe2 f5 20. exf5 gxf5 21. Bh6 e4 22. Qh5 exd3 23. Qg5+ Kh8 24. Bxf8 Rxf8 25. Qh6 Rg8 26. Rae1 Nd8 27. Nh5 Ne8 28.
cxd3 Bf7 29. Nf6 Qd6+ 30. f4 Qxf6 31. Qxf6+ Nxf6 32. Nxf5 Nd5 33. Nh6 Rf8 34. Re5 Be6 35. g3 Bxa3 36. Rfe1 Ne3 37. f5 Bxf5 38. R1xe3 dxe3 39. Nxf5 Nc6 40. Rxe3 Rxf5 41. g4 Bd6+ 0-1

[Event "Late-Titled-Tuesday-Blitz-July-09-2024"]
[Site "Chess.com"]
[Date "2024.07.09"]
[Round "5"]
[White "Marcin"]
[Black "IndianSchoolOfSuffering"]
[Result "1-0"]
[WhiteElo "2641"]
[BlackElo "2436"]
[TimeControl "180+1"]
[EndTime "14:54:53 PDT"]
[Termination "Marcin won by checkmate"]

1. e4 c6 2. d4 d5 3. exd5 cxd5 4. c4 Nf6 5. Nc3 dxc4 6. Bxc4 e6 7. Nf3 a6 8. O-O b5 9. Bd3 Bb7 10. Bg5 Be7 11.
Qe2 O-O 12. Rad1 h6 13. Bh4 Nc6 14. Bb1 Nb4 15. Ne5 Nbd5 16. Qd3 Nxc3 17. bxc3 Be4 18.
Qg3 Bxb1 19. Rxb1 Rc8 20. f4 Ne4 21. Bxe7 Qxe7 22. Qd3 Nxc3 23. Rb3 Nd5 24. f5 exf5 25.
Qxf5 Qe6 26. Qh5 Rc3 27. Rxc3 Nxc3 28. Ng4 Ne2+ 29. Kh1 Nxd4 30. h3 Ne2 31. Qh4 f5 32. Nh2 f4 33. Re1 Qe3 34. Nf3 Re8 35. Kh2 Kh7 36. Qh5 Kg8 37. Qg6 Rf8 38. Qxa6 Qf2 39.
Qxb5 Qg3+ 40. Kh1 Nc3 41. Qc4+ Kh7 42. Qxc3 Rf6 43. Qd3+ Rg6 44. Re2 Kh8 45. a4 Rc6 46. Re8# 1-0

[Event "Late-Titled-Tuesday-Blitz-July-09-2024"]
[Site "Chess.com"]
[Date "2024.07.09"]
[Round "5"]
[White "SuanTiltado"]
[Black "MusicCityMaster"]
[Result "0-1"]
[WhiteElo "2360"]
[BlackElo "2500"]
[TimeControl "180+1"]
[EndTime "14:54:54 PDT"]
[Termination "MusicCityMaster won on time"]

1. d4 d5 2. c4 e5 3. dxe5 d4 4. Nf3 Nc6 5. a3 a5 6. e3 Bc5 7. exd4 Bxd4 8. Be2 Nge7 9. Nxd4 Qxd4 10. Qxd4 Nxd4 11. Bd1 Be6 12. Be3 Nef5 13. Nd2 Nxe3 14. fxe3 Nf5 15. Kf2 O-O-O 16. Ke2 h5 17. Bc2 Rhe8 18. b3 Kb8 19. Rad1 Bc8 20. Nf3 g6 21. Be4 c6 22. b4 axb4 23. axb4 Be6 24. c5 Bc4+ 25. Kf2 Kc7 26. Bxf5 gxf5 27. Rd6 Bd5 28.
Rd1 Ra8 29. Rd2 Re7 30. b5 Ra5 31. b6+ Kc8 32. R2xd5 cxd5 33. Rxd5 Rd7 34. Rxd7 Kxd7 35. Nd4 Rxc5 36. Nxf5 Rxe5 37. Ng3 Rb5 38. h4 Kc6 39. Kf3 Kxb6 40. Kf4 Kc6 41. e4 Rc5 42. e5 b5 43. Nxh5 b4 44. Nf6 b3 45. Ne4 Rc4 46. h5 b2 47. h6 b1=Q 0-1

[Event "Late-Titled-Tuesday-Blitz-July-09-2024"]
[Site "Chess.com"]
[Date "2024.07.09"]
[Round "5"]
[White "rpragchess"]
[Black "rasmussvane"]
[Result "1-0"]
[WhiteElo "3110"]
[BlackElo "2914"]
[TimeControl "180+1"]
[EndTime "14:54:55 PDT"]
[Termination "rpragchess won by checkmate"]

1. c4 e6 2. Nf3 d5 3. g3 Nf6 4. Bg2 Be7 5. O-O O-O 6. b3 d4 7. e3 c5 8. Ne5 Qc7 9. f4 Nfd7 10.
Nd3 Nc6 11. Na3 a6 12. Kh1 Rb8 13. Nc2 b5 14. cxb5 axb5 15. exd4 Nxd4 16. Nxd4 cxd4 17. Bb2 Bb7 18. Qe2 Bxg2+ 19. Kxg2 Bf6 20. Rac1 Qa7 21. a3 Rfc8 22. Qe4 h6 23. Qf3 Nc5 24. Nxc5 Rxc5 25. Rxc5 Qxc5 26. Rc1 Qe7 27. Qc6 d3 28. Bxf6 Qxf6 29.
Qc3 Qf5 30. Qe5 Qxe5 31. fxe5 Ra8 32. Ra1 Kf8 33. Kf3 Ke7 34. Ke4 Kd7 35. Kxd3 Kc6 36. Ke4 Kc5 37. d4+ Kc6 38. g4 g5 39. Rf1 Rxa3 40.
Rxf7 Ra1 41. Re7 Re1+ 42. Kd3 Rd1+ 43. Ke3 Re1+ 44. Kd2 Re4 45. Kd3 Rxg4 46. Rxe6+ Kd5 47. Rd6# 1-0